 Dungeon Crawl Stone Soup version 0.30-a0-172-gc5509c9e31 (webtiles) character file.

Game seed: 473451221086236599

6069 LnG the Covert (level 11, -2/62 HPs)
             Began as a Kobold Summoner on Oct 1, 2022.
             Shot with an arrow by a centaur warrior (17 damage)
             ... on level 8 of the Dungeon.
             The game lasted 00:28:05 (9402 turns).

LnG the Covert (Kobold Summoner)                    Turns: 9402, Time: 00:28:11

Health: -2/62      AC:  5    Str:  6    XL:     11   Next: 11%
Magic:  16/21      EV: 17    Int: 27    God:
Gold:   348        SH:  0    Dex: 15    Spells: 4/23 levels left

rFire   . . .      SeeInvis .    p - +5 dagger (vamp)
rCold   + . .      Faith    .    (no shield)
rNeg    . . .      Spirit   .    a - +0 robe
rPois   .          Reflect  .    g - +1 helmet
rElec   .          Harm     .    E - +0 cloak
rCorr   .          Rampage  .    (no gloves)
Will    .....                    (no boots)
Stlth   ++++++....               (no amulet)
HPRegen 0.30/turn                y - ring of protection from cold
MPRegen 0.17/turn                k - +6 ring of intelligence

@: no status effects
A: small, no large weapons, nightstalker 3
a: no special abilities


You were on level 8 of the Dungeon.
You visited 2 branches of the dungeon, and saw 11 of its levels.

You collected 483 gold pieces.
You spent 135 gold pieces at shops.

Inventory:

Hand Weapons
 p - a +5 vampiric dagger (weapon)
Armour
 a - a +0 robe (worn)
 g - a +1 helmet (worn)
 E - a +0 cloak (worn)
Jewellery
 e - a ring of positive energy
 k - a +6 ring of intelligence (right hand)
 s - a ring of resist corrosion
 y - a ring of protection from cold (left hand)
Wands
 b - a wand of paralysis (9)
 o - a wand of flame (56)
Scrolls
 i - 2 scrolls of teleportation
 l - 3 scrolls of immolation
 q - a scroll of butterflies {unknown}
 t - a scroll of magic mapping
 A - a scroll of noise {unknown}
 C - a scroll of enchant weapon
Potions
 c - a potion of heal wounds
 d - a potion of attraction
 f - a potion of mutation
 h - 5 potions of ambrosia
 j - a potion of flight
 m - a potion of haste
 r - a potion of lignification
 u - 2 potions of curing
 v - a potion of berserk rage {unknown}
 w - 2 potions of brilliance {unknown}
 x - a potion of might {unknown}
 z - a potion of resistance {unknown}
 B - 2 potions of degeneration {unknown}
 D - a potion of magic


   Skills:
 + Level 4.8 Fighting
 + Level 8.5 Short Blades
 + Level 6.8 Dodging
 + Level 13.2 Stealth
 + Level 6.7 Spellcasting
 + Level 7.2 Summonings
 + Level 1.2 Air Magic


You had 4 spell levels left.
You knew the following spells:

 Your Spells              Type           Power      Damage    Failure   Level
a - Summon Small Mammal   Summ           100%       N/A       1%          1
b - Call Imp              Summ           48%        N/A       1%          2
c - Call Canine Familiar  Summ           48%        N/A       1%          3
d - Summon Guardian Gole  Hex/Summ       28%        N/A       4%          3
e - Summon Cactus Giant   Summ           24%        N/A       43%         6
f - Summon Lightning Spi  Summ/Air       32%        N/A       11%         4

Your spell library contained the following spells:

 Spells                   Type           Power      Damage    Failure   Level
 Scorch                   Fire           18%        2d6       9%          2
 Flame Wave               Conj/Fire      9%         2d6       52%         4


Dungeon Overview and Level Annotations

Branches:
Dungeon (10/15)            Temple (1/1) D:7            Lair (0/5) D:9
    Orc: D:9-12

Altars:
Ashenzari
Cheibriados
Elyvilon
Gozag
Hepliaklqana
Makhleb
Nemelex Xobeh
Okawaru
Ru
Trog
Uskayaw
Vehumet
Wu Jian
Xom
Yredelemnul
Zin
The Shining One

Shops:
D:4 (?(*   D:9 :

Annotations:
D:3 1 transporter, sirJeffrey23's ghost, amateur HOFi
D:7 exclusion: statue


Innate Abilities, Weirdness & Mutations

You are small and have problems with some larger weapons.
You are completely attuned to the shadows.


Message History

The bolt of electricity hits the gnoll bouda! x2
The gnoll bouda dies!
The bolt of electricity hits your lightning spire.
Your lightning spire completely resists.
The centaur warrior shoots an arrow.
The arrow hits you!
The centaur warrior shoots an arrow.
The arrow hits you!
Casting: Summon Lightning Spire (dangerous; 11% risk of failure)
Confirm with . or Enter, or press ? or * to list all spells.
The centaur warrior shoots an arrow.
The arrow hits you!
As you read the scroll of fear, it crumbles to dust.
You assume a fearsome visage.
The sky beast looks frightened!
The centaur warrior resists with some effort.
Your wolf bites the centaur warrior.
The centaur warrior unwields a +0 shortbow.
The centaur warrior hits you.
The centaur warrior kicks you but does no damage.
Unknown command.
As you read the scroll of fear, it crumbles to dust.
You assume a fearsome visage.
The centaur warrior looks frightened!
Your wolf bites the centaur warrior!
Your wolf bites the centaur warrior.
Your lightning spire shoots out a bolt of lightning at the centaur warrior!
The bolt of electricity hits the centaur warrior!
Your lightning spire's attack snaps the centaur warrior out of its fear.
Unknown command.
The centaur warrior wields a +0 shortbow.
The centaur warrior shoots an arrow.
The arrow hits you!
* * * LOW HITPOINT WARNING * * *
Your wolf bites the centaur warrior.
You feel much better.
The centaur warrior shoots an arrow.
The arrow hits you!
* * * LOW HITPOINT WARNING * * *
Your wolf completely misses the centaur warrior.
The centaur warrior shoots an arrow.
The arrow barely misses you.
Your wolf closely misses the centaur warrior.
You feel much better.
Your wolf completely misses the centaur warrior.
The centaur warrior shoots an arrow.
The arrow hits you!
* * * LOW HITPOINT WARNING * * *
Your wolf closely misses the centaur warrior.
The centaur warrior shoots an arrow.
The arrow hits you!
You die...

.......,.~#####+*~~~..,,,*~#,*##.
..<#,,*,.~...o,,*~8~,,****~,,* ##
##....#,,≈...,,,*~~~,,,,,,~***
..#.###**~#D########,,,,,,~*
.#....*,,~#.Y......#,,****~*
.#,...*,,~#.8..ch†.#,,*,,*~*
.#,,,,,,*~#..###...#..**,*~*
.#*,,,,,,~#..#,#...#..,,,*~*
.###.*,**~#...,#@..'..,,,*~*
.....,,**≈######...###****~*
.....****#≈≈≈≈~~~~~~~~~~~~**
.###** *,.##.#####.#.#**** ...#
*,,*#....##.#.# .#.##
*,,*####...)..*
....###**,.#####.)#†#**
.......,,,....).))†.#
#...##****.#####..###


You could see a centaur warrior (ally target) and a friendly wolf (summoned).

Vanquished Creatures
  Pikel (D:5)
  Maurice (D:8)
  A troll (D:6)
  A hornet (D:8)
  5 yaks
  A steam dragon (D:8)
  Edmund (D:6)
  A water moccasin (D:6)
  Duvessa (D:6)
  3 black bears
  A sky beast (D:6)
  An ice beast (D:7)
  2 ogres
  A centaur (D:7)
  A lemure (D:5)
  2 phantoms
  A kobold brigand (D:7)
  A bullfrog (D:7)
  A necrophage (D:6)
  2 scorpions (D:7)
  3 wights
  3 killer bees
  Dowan (D:6)
  2 howler monkeys
  A hound (D:7)
  2 orc priests
  3 jellies
  2 orc wizards
  4 iguanas
  Robin (D:4)
  3 gnolls (D:6)
  5 adders
  2 shadow imps
  A white imp (D:6)
  A worm (D:3)
  A dart slug (D:1)
  23 orcs
  7 endoplasms
  A giant cockroach (D:3)
  5 hobgoblins
  3 quokkas
  4 ball pythons
  5 bats
  4 frilled lizards
  13 goblins
  8 kobolds
  5 rats
142 creatures vanquished.

Vanquished Creatures (collateral kills)
  2 nameless horrors
  Prince Ribbit (D:5)
  Sigmund (D:2)
  A wyvern (D:8)
  2 yaks (D:8)
  A steam dragon (D:7)
  A water moccasin (D:8)
  A sky beast (D:6)
  A black bear (D:7)
  2 wights (D:6)
  3 killer bees
  A gnoll bouda (D:8)
  An orc priest (D:8)
  An iguana (D:5)
  An orc wizard (D:8)
  An adder (D:2)
  A white imp (D:8)
  An ufetubus (D:5)
  11 orcs
  A bat (D:1)
  An endoplasm (D:1)
  A giant cockroach (D:2)
  6 goblins
  A hobgoblin (D:2)
  2 quokkas
  3 ball pythons
  2 kobolds
  2 rats (D:1)
53 creatures vanquished.

Grand Total: 195 creatures vanquished

Notes
Turn   | Place    | Note
-------+----------+-------------------------------------------
     0 | D:1      | LnG the Kobold Summoner began the quest for the Orb.
     0 | D:1      | Reached XP level 1. HP: 10/10 MP: 3/3
   190 | D:1      | Reached XP level 2. HP: 13/15 MP: 1/5
   249 | D:1      | Learned a level 2 spell: Call Imp
   618 | D:1      | Reached XP level 3. HP: 19/19 MP: 6/6
   622 | D:1      | Learned a level 3 spell: Call Canine Familiar
   991 | D:1      | Reached skill level 3 in Stealth
  1133 | D:2      | Reached skill level 1 in Short Blades
  1431 | D:2      | Reached XP level 4. HP: 11/24 MP: 7/7
  1818 | D:2      | Noticed Sigmund
  1828 | D:2      | Killed Sigmund
  1829 | D:2      | Reached skill level 5 in Stealth
  1829 | D:2      | Reached XP level 5. HP: 28/28 MP: 2/9
  1829 | D:2      | Reached XP level 6. HP: 33/33 MP: 2/10
  1833 | D:2      | Learned a level 3 spell: Summon Guardian Golem
  2808 | D:3      | Reached skill level 6 in Stealth
  3032 | D:3      | Found a snail-covered altar of Cheibriados.
  3113 | D:3      | Reached skill level 1 in Fighting
  3125 | D:3      | Found a transporter.
  3128 | D:3      | Noticed sirJeffrey23's ghost (amateur HOFi)
  3134 | D:3      | Noticed an ogre
  3136 | D:3      | Identified the +7 dire flail of Foesm {vorpal, MP-9 Str+6}
  3136 | D:3      | Noticed an ogre
  3439 | D:4      | Noticed Robin
  3580 | D:3      | Reached XP level 7. HP: 33/38 MP: 11/11
  3667 | D:4      | Killed Robin
  3738 | D:4      | Found Besaoc's General Store.
  3739 | D:4      | Found Heisuup's Magic Scroll Boutique.
  3739 | D:4      | Found Ziokky's Antique Weapon Emporium.
  3743 | D:4      | Found Usallyutiz's Antique Weapon Shop.
  3774 | D:4      | Bought a scroll of enchant weapon for 75 gold pieces
  3774 | D:4      | Bought a scroll of identify for 20 gold pieces
  3774 | D:4      | Bought a scroll of identify for 20 gold pieces
  3774 | D:4      | Bought a scroll of identify for 20 gold pieces
  4036 | D:4      | Reached skill level 7 in Stealth
  4232 | D:4      | Reached skill level 5 in Summonings
  4270 | D:4      | Found a basalt altar of Yredelemnul.
  4279 | D:4      | Found a shimmering altar of Xom.
  4359 | D:4      | Found a burning altar of Makhleb.
  4533 | D:5      | Entered Level 5 of the Dungeon
  4576 | D:5      | Found a hazy altar of Hepliaklqana.
  4630 | D:5      | Found an ornate altar of the Wu Jian Council.
  4698 | D:5      | Found an iron altar of Okawaru.
  4701 | D:5      | Noticed Prince Ribbit
  4766 | D:5      | Killed Prince Ribbit
  4767 | D:5      | Reached skill level 8 in Stealth
  4767 | D:5      | Reached XP level 8. HP: 21/44 MP: 5/13
  5064 | D:5      | Noticed Pikel
  5065 | D:5      | Found a broken altar of Ashenzari.
  5066 | D:5      | Killed Pikel
  5067 | D:5      | Reached skill level 5 in Short Blades
  5067 | D:5      | Reached skill level 10 in Stealth
  5293 | D:6      | Reached XP level 9. HP: 49/49 MP: 15/15
  5300 | D:6      | Learned a level 6 spell: Summon Cactus Giant
  5337 | D:6      | Noticed a troll
  5541 | D:6      | Noticed Edmund
  5590 | D:6      | Killed Edmund
  5591 | D:6      | Reached skill level 11 in Stealth
  5999 | D:6      | Noticed Dowan
  6002 | D:6      | Noticed Duvessa
  6003 | D:6      | Killed Dowan
  6021 | D:6      | Killed Duvessa
  6321 | D:6      | Reached skill level 5 in Spellcasting
  6395 | D:6      | Killed a troll
  6396 | D:6      | Reached skill level 12 in Stealth
  6864 | D:7      | Found a staircase to the Ecumenical Temple.
  6881 | D:6      | Reached XP level 10. HP: 30/56 MP: 11/18
  7004 | D:6      | Learned a level 4 spell: Summon Lightning Spire
  7021 | D:7      | Reached skill level 5 in Dodging
  7043 | Temple   | Entered the Ecumenical Temple
  7287 | D:7      | You fall into a shaft and drop 3 floors!
  7287 | D:10     | Entered Level 10 of the Dungeon
  7316 | D:9      | Found Redwyf's Tremendous Tomes.
  7419 | D:7      | Found a hide-covered altar of Uskayaw.
  7589 | D:7      | Found a radiant altar of Vehumet.
  8173 | D:7      | Noticed a nameless horror
  8364 | D:7      | Killed a nameless horror
  8615 | D:8      | Found an opulent altar of Gozag.
  8826 | D:8      | Reached skill level 13 in Stealth
  8871 | D:8      | Noticed Maurice
  8941 | D:8      | Killed Maurice
  8942 | D:8      | Reached XP level 11. HP: 62/62 MP: 12/20
  9126 | D:8      | Reached skill level 1 in Air Magic
  9390 | D:8      | Noticed a centaur warrior
  9402 | D:8      | Shot with an arrow by a centaur warrior

Illustrated notes

Levels and vault maps discovered:
D:1:      dpeg_arrival_yet_another_circle, layout_loops_ring
D:2:      wad_river_or_something, layout_basic, uniq_sigmund
D:3:      layout_loops_corners, slow_altar_2, gammafunk_ghost_smash
D:4:      layout_loops_cross, mainiacjoe_overflow_boulevard,
          mainiacjoe_overflow_swirl, nicolae_wooded_promenade, uniq_robin
D:5:      layout_cave_pools, mainiacjoe_overflow_catwalk_spiral,
          mainiacjoe_overflow_six_doors_small, nicolae_hepliaklqana_hazy_memory,
          uniq_pikel, uniq_prince_ribbit1
D:6:      layout_gridville, uniq_duvessa, uniq_edmund
D:7:      minmay_recursive_quarters, layout_gridville, vehumet_statue,
          old_standard_altar, minmay_temple_entry_tees,
          chequers_serial_rivers_micro_c
D:8:      cheibrodos_ideogram_h, layout_loops_ring, general_overflow_altar,
          grunt_dithmenos_smoke, uniq_maurice
D:9:      layout_basic, lemuel_crystal_altar, lair_entry_dummy,
          nicolae_shop_i_like_big_books
D:10:     nicolae_cairo_tiling_very_big, layout_cave_pools,
          mainiacjoe_overflow_alcove_4, mainiacjoe_overflow_24_doors,
          nicolae_qazlal_scattered_showers, wad_floor_pattern_untrapped
Temple:   nicolae_temple_stand_before_the_council

Skill      XL: |  1  2  3  4  5  6  7  8  9 10 11 |
---------------+----------------------------------+-----
Stealth        | 3 5 6 8 10 12 13 | 13.2
Short Blades   | 1 2 3 4 5 6 8 |  8.5
Spellcasting   | 3 4 5 6 |  6.7
Fighting       | 1 2 3 4 |  4.8
Dodging        | 3 4 6 |  6.8
Summonings     | 5 6 7 |  7.2
Air Magic      | 1 |  1.2

Action                   |  1- 3 |  4- 6 |  7- 9 | 10-12 || total
-------------------------+-------+-------+-------+-------++-------
Melee: Club              |     4 |       |       |       ||     4
       Unarmed           |     2 |       |       |       ||     2
       Dagger            |    39 |       |   131 |   215 ||   385
       Short sword       |    27 |    91 |    19 |       ||   137
       Punch             |       |       |       |     3 ||     3
 Cast: Summon Small Mamm |    14 |       |     2 |       ||    16
       Call Imp          |     2 |     3 |     5 |     4 ||    14
       Call Canine Famil |     2 |     4 |    11 |    12 ||    29
       Summon Lightning  |       |       |       |     6 ||     6
       Summon Cactus Gia |       |       |       |     1 ||     1
  Use: Scroll            |     2 |       |    14 |     7 ||    23
       Potion            |       |       |     2 |     3 ||     5
 Stab: Sleeping          |    15 |    21 |    28 |     5 ||    69
       Distracted        |       |       |     1 |     5 ||     6
       Betrayed ally     |       |       |     1 |       ||     1
Armor: Robe              |     6 |     4 |    20 |    32 ||    62
       Skin              |       |       |    13 |       ||    13
Dodge: Dodged            |    46 |    58 |   109 |   145 ||   358

Table legend: (Time is in decaauts)
 A = Elapsed time spent in this place.
 B = Non-inter-level travel time spent in this place.
 C = Inter-level travel time spent in this place.
 D = Time resting spent in this place.
 E = Time spent auto-exploring this place.
 F = Levels seen in this place.
 G = Mean time per level.
                   A        B        C        D        E       F      G
               +--------+--------+--------+--------+--------+-----+--------+
         Total |   9272 |   8949 |    323 |   1091 |   6067 |  11 |  842.9 |
       Dungeon |   9080 |   8773 |    307 |   1091 |   5896 |  10 |  908.0 |
        Temple |    192 |    176 |     16 |      0 |    171 |   1 |  192.0 |
               +--------+--------+--------+--------+--------+-----+--------+

Top non-repeatable levels by time:
     D:6: 1703 daAuts
     D:3: 1288 daAuts
     D:7: 1287 daAuts
     D:2: 1215 daAuts
     D:1: 1106 daAuts
     D:4: 903 daAuts
     D:8: 815 daAuts
     D:5: 708 daAuts
  Temple: 192 daAuts
     D:9: 34 daAuts
    D:10: 15 daAuts
